 Dungeon Crawl Stone Soup version 0.28.0-49-g6dfe1f597d (webtiles) character file.

Game seed: 6346379899337154430

63 nickcage the Stinger (level 3, -5/16 HPs)
             Began as a Spriggan Venom Mage on May 18, 2022.
             Slain by Crazy Yiuf
             ... wielding a +4 quarterstaff of chaos
              (12 damage)
             ... on level 2 of the Dungeon.
             The game lasted 00:05:12 (2385 turns).

nickcage the Stinger (Spriggan Venom Mage)          Turns: 2385, Time: 00:05:13

Health: -5/16      AC:  2    Str:  4    XL:     3   Next: 87%
Magic:  6/8        EV: 17    Int: 18    God:
Gold:   79         SH:  0    Dex: 15    Spells: 7/8 levels left

rFire   . . .      SeeInvis +   b - +0 dagger
rCold   . . .      Faith    .   (no shield)
rNeg    . . .      Spirit   .   a - +0 robe
rPois   .          Reflect  .   (helmet restricted)
rElec   .          Harm     .   (no cloak)
rCorr   .          Rampage  .   (gloves unavailable)
Will    .....                   (boots unavailable)
Stlth   ++........              (no amulet)
HPRegen 0.05/turn               (no ring)
MPRegen 0.11/turn               (no ring)

@: very quick
A: very small, no large weapons, unfitting armour, see invisible, speed 3
a: no special abilities


You were on level 2 of the Dungeon.
You visited 1 branch of the dungeon, and saw 2 of its levels.

You collected 79 gold pieces.

Inventory:

Hand Weapons
 b - a +0 dagger (weapon)
 f - a +4 whip
Armour
 a - a +0 robe (worn)
Magical Staves
 c - a staff of conjuration
Scrolls
 e - a scroll of identify {unknown}
 h - a scroll of fear {unknown}
 i - a scroll of enchant armour {unknown}
 k - a scroll of amnesia {unknown}
Potions
 d - a potion of berserk rage {unknown}
 g - 2 potions of attraction {unknown}
 j - a potion of curing {unknown}


   Skills:
 - Level 2.6 Dodging
 - Level 3.0 Stealth
 - Level 3.0 Spellcasting
 - Level 2.0 Transmutations
 + Level 4.5 Poison Magic


You had 7 spell levels left.
You knew the following spells:

 Your Spells              Type           Power      Damage    Failure   Level
a - Sting                 Tmut/Pois      56%        1d5       4%          1

Your spell library contained the following spells:

 Spells                   Type           Power      Damage    Failure   Level
 Poisonous Vapours        Pois/Air       20%        N/A       10%         2
 Olgreb's Toxic Radiance  Pois           19%        N/A       24%         4
 Mephitic Cloud           Conj/Pois/Air  8%         N/A       26%         3
 Tukima's Dance           Hex            2%         N/A       43%         3
 Anguish                  Hex/Necr       1%         N/A       85%         4
 Enfeeble                 Hex            1%         N/A       100%        7


Dungeon Overview and Level Annotations

Branches:
Dungeon (2/15)

Altars:

Annotations:
D:2 Crazy Yiuf


Innate Abilities, Weirdness & Mutations

You are very small and have problems with some larger weapons.
You are too small for most types of armour.
You have supernaturally acute eyesight. (SInv)
You cover ground extremely quickly. (Speed+++)


Message History

You barely miss the adder.
The adder is heavily wounded.
The adder misses you.
You kill the adder!
Your magical contamination has completely faded away.
A hobgoblin comes into view.
The hobgoblin shouts!
The sting hits the hobgoblin.
The hobgoblin is poisoned.
The hobgoblin is severely wounded.
The sting hits the hobgoblin but does no damage.
The hobgoblin looks even sicker.
The hobgoblin is severely wounded.
The hobgoblin hits you.
You hit the hobgoblin but do no damage.
The hobgoblin is severely wounded.
You kill the hobgoblin!
Found a mace.
Found two maces.
Found a mace.
Found a mace.
Found two maces.
Found a mace.
Found a mace.
Found a runed translucent door.
You open the door.
There is an open translucent door here.
Crazy Yiuf shouts!
The sting misses Crazy Yiuf.
Crazy Yiuf cries, "You leg down broken song, no?"
Crazy Yiuf hits you with a +4 quarterstaff of chaos!
Ouch! That really hurt!
You resist with some effort.
You are too injured to fight recklessly!
You are too injured to fight recklessly!
Aiming: Sting (safe; 4% risk of failure)
Press: ? - help, Q - select action Shift-Dir - straight line, f/p - Crazy Yiuf
Aim: Crazy Yiuf, wielding a +4 quarterstaff of chaos and wearing a +2 cloak (75% to hit)
The sting misses Crazy Yiuf.
Crazy Yiuf hits you with a +4 quarterstaff of chaos!
Ouch! That really hurt!
You die...

#.#
#..........###.......#.
#.#
#...........###'######.
##.##
#.........#.##.....###.
# #...#
############.#.....##..
###...# #.#.....##..
......##♣♣♣♣♣
#.##.#####..
###...+)..♣.♣♣♣#####
#..#.# #.. #
#..)...P.♣..♣#...#
##.#.# #.. #
##...)))♣♣♣♣.'@g.#
#...# #.. # ##)+))♣♣
♣♣#..)# ##..# ### #
####♣♣ ##### #..# #
##># # ### ###
#.###################
#....................
#####################


You could see Crazy Yiuf.

Vanquished Creatures
  A gnoll (D:1)
  An adder (D:2)
  4 dart slugs
  6 endoplasms
  A giant cockroach (D:1)
  5 hobgoblins
  2 kobolds
  A quokka (D:1)
  5 ball pythons
  3 bats (D:2)
  4 goblins
  2 rats
35 creatures vanquished.

Vanquished Creatures (others)
  2 fungi (D:2)
  A plant (D:2)
3 creatures vanquished.

Grand Total: 38 creatures vanquished

Notes
Turn   | Place    | Note
-------+----------+-------------------------------------------
     0 | D:1      | nickcage the Spriggan Venom Mage began the quest for the
                  | Orb.
     0 | D:1      | Reached XP level 1. HP: 9/9 MP: 5/5
   272 | D:1      | Reached XP level 2. HP: 13/13 MP: 2/6
   864 | D:1      | Reached XP level 3. HP: 16/16 MP: 8/8
   913 | D:1      | Found a faded altar of an unknown god.
  1290 | D:2      | Reached skill level 4 in Poison Magic
  2377 | D:2      | Found a runed translucent door.
  2378 | D:2      | Noticed Crazy Yiuf
  2385 | D:2      | Slain by Crazy Yiuf

Illustrated notes

Levels and vault maps discovered:
D:1:      sevenhm_arrival_forest_fort_large_2, layout_loops_ring,
          dilly_ecumenical_altar_fadedgnrine, minmay_tromino_v4_a
D:2:      layout_basic, guppyfry_early_lair_pool, uniq_crazy_yiuf_cottage

Skill      XL: |  1  2  3 |
---------------+----------+-----
Spellcasting   | 3 |  3.0
Transmutations | 2 |  2.0
Poison Magic   | 4 |  4.5
Dodging        | |  2.6
Stealth        | |  3.0

Action                   || total
-------------------------++-------
Melee: Unarmed           ||     1
       Dagger            ||    20
       Punch             ||     1
 Cast: Sting             ||    64
 Stab: Sleeping          ||     5
Armor: Robe              ||     2
Dodge: Dodged            ||    22
